 Dungeon Sprint DCSS version 0.28-a0-1087-gf3fc490d9d (webtiles) character file.

Game seed: 8411351146265958784

17 rocky1 the Firebug (level 2, -4/15 HPs)
             Began as a Deep Elf Fire Elementalist on Dec 11, 2021.
             Was a Believer of Sif Muna.
             Succumbed to a black mamba's poison
             ... in the Dungeon (Sprint VII: "The Pits").
             The game lasted 00:04:40 (311 turns).

rocky1 the Firebug (Deep Elf Fire Elementalist)      Turns: 311, Time: 00:04:41

Health: -4/15      AC:  2    Str:  5    XL:     2   Next: 44%
Magic:  7/8        EV: 12    Int: 19    God:    Sif Muna [**....]
Gold:   0          SH:  0    Dex: 15    Spells: 4/7 levels left

rFire   . . .      SeeInvis .   k - +2 quarterstaff
rCold   . . .      Faith    .   (shield currently unavailable)
rNeg    . . .      Spirit   .   a - +0 robe
rPois   .          Reflect  .   (no helmet)
rElec   .          Harm     .   (no cloak)
rCorr   .          Rampage  .   (no gloves)
Will    .....      NoTele   +   (no boots)
Stlth   ++........              (no amulet)
HPRegen 0.05/turn               (no ring)
MPRegen 0.11/turn               (no ring)

@: lethally poisoned (-4 -> -26)
A: no striking features
a: Renounce Religion, Channel Magic


You were in the Dungeon.
You worshipped Sif Muna.
Sif Muna was pleased with you.
You visited 1 branch

Inventory:

Hand Weapons
 k - a +2 quarterstaff (weapon)
Armour
 a - a +0 robe (worn)
Scrolls
 i - 5 scrolls of amnesia
Potions
 b - a potion of curing
 c - a potion of heal wounds
 d - a potion of haste
 e - 3 potions of magic
 f - 3 potions of berserk rage
 h - 2 potions of invisibility


   Skills:
 - Level 2.4 Dodging
 - Level 2.4 Stealth
 - Level 3.0 Spellcasting
 - Level 1.1 Conjurations
 + Level 6.5 Fire Magic


You had 4 spell levels left.
You knew the following spells:

 Your Spells              Type           Power      Damage    Failure   Level
a - Foxfire               Conj/Fire      68%        2x1d7     3%          1
b - Scorch                Fire           54%        2d7       1%          2

Your spell library contained the following spells:

 Spells                   Type           Power      Damage    Failure   Level
 Conjure Flame            Conj/Fire      17%        6-21      10%         3
 Inner Flame              Hex/Fire       15%        N/A       12%         3
 Flame Wave               Conj/Fire      17%        2d5       32%         4


Dungeon Overview and Level Annotations

Branches:
Dungeon (1/1)

Altars:
Ashenzari
Cheibriados
Dithmenos
Elyvilon
Fedhas
Gozag
Hepliaklqana
Kikubaaqudgha
Makhleb
Nemelex Xobeh
Okawaru
Qazlal
Ru
Sif Muna
Trog
Uskayaw
Vehumet
Wu Jian
Xom
Yredelemnul
Zin
The Shining One
Beogh
Jiyva
Lugonu

Annotations:
D Pargi


Message History

As you read the scroll of blinking, it crumbles to dust.
Pargi shouts!
Pargi bites you. Pargi claws you but does no damage. Pargi closely misses you.
Press: ? - help, v - describe, . - travel
Here: Pargi The floor.
Casting: Foxfire (safe; 3% risk of failure)
Confirm with . or Enter, or press ? or * to list all spells.
Flames lash Pargi.
Pargi is heavily wounded.
Pargi's fire resistance burns away.
Pargi snarls, "My home!
Leave!"
Pargi barely misses you. Pargi claws you. Pargi closely misses you.
Casting: Scorch (safe; 1% risk of failure)
Confirm with . or Enter, or press ? or * to list all spells.
Flames lash Pargi.
Pargi is burned terribly!
Pargi is heavily wounded.
Pargi snarls, "My home!
Leave!"
Pargi closely misses you. x3
Unknown command.
As you read the scroll of summoning, it crumbles to dust.
Wisps of shadow whirl around you...
The shadows disperse without effect.
Pargi bites you but does no damage. Pargi misses you. Pargi closely misses you.
The black mamba closely misses you.
Unknown command.
Magic courses through your body. The black mamba bites you.
You are lethally poisoned!
The black mamba poisons you!
The orc throws a boomerang.
The boomerang closely misses you. Pargi bites you!
Ouch! That really hurt!
* * * LOW HITPOINT WARNING * * *
Pargi claws you.
* * * LOW HITPOINT WARNING * * *
Pargi barely misses you. The black mamba barely misses you.
Casting: Scorch (safe; 1% risk of failure)
Confirm with . or Enter, or press ? or * to list all spells.
Flames lash the black mamba.
The black mamba is heavily wounded.
The black mamba's fire resistance burns away.
You die...

########### _________.#
_________.#
_______...###########++######
##########'##................#
#.?(.')))'.##......#..#......#
##########.##................+
#........†..)..@S............+
#+#####'#####..Ti..#..#v.....#
#..#†.##................#
+..'†.#####'#####oo######
####g###.......##§'#
#...S....##.......##oio
#...Tg...##.......##.o.
#####+#####...<...##..##
#.......##..S


You could see a black mamba (combustible), Pargi (combustible), a spriggan and
an orc.

Vanquished Creatures
  A gnoll (D)
  A ball python (D)
  2 endoplasms (D)
  A giant cockroach (D)
  A quokka (D)
  A frilled lizard (D)
7 creatures vanquished.

Vanquished Creatures (others)
  12 foxfires (D)
12 creatures vanquished.

Grand Total: 19 creatures vanquished

Notes
Turn   | Place    | Note
-------+----------+-------------------------------------------
     0 | D        | rocky1 the Deep Elf Fire Elementalist began the quest for
                  | the Orb.
     0 | D        | Reached XP level 1. HP: 10/10 MP: 6/6
    14 | D        | Reached skill level 4 in Fire Magic
    21 | D        | Found a bloodstained altar of Trog.
    21 | D        | Found a shimmering blue altar of Sif Muna.
    21 | D        | Found a viscous altar of Jiyva.
    21 | D        | Found a hazy altar of Hepliaklqana.
    21 | D        | Found an opulent altar of Gozag.
    22 | D        | Found a glowing golden altar of the Shining One.
    22 | D        | Found a glowing silver altar of Zin.
    22 | D        | Found a basalt altar of Yredelemnul.
    22 | D        | Found a shimmering altar of Xom.
    22 | D        | Found an ornate altar of the Wu Jian Council.
    22 | D        | Found a sacrificial altar of Ru.
    22 | D        | Found a stormy altar of Qazlal.
    22 | D        | Found an iron altar of Okawaru.
    22 | D        | Found a sparkling altar of Nemelex Xobeh.
    22 | D        | Found a burning altar of Makhleb.
    22 | D        | Found a blossoming altar of Fedhas.
    22 | D        | Found a white marble altar of Elyvilon.
    22 | D        | Found a shadowy altar of Dithmenos.
    22 | D        | Found a snail-covered altar of Cheibriados.
    24 | D        | Found a radiant altar of Vehumet.
    24 | D        | Found a corrupted altar of Lugonu.
    25 | D        | Found a hide-covered altar of Uskayaw.
    25 | D        | Found an ancient bone altar of Kikubaaqudgha.
    25 | D        | Found a broken altar of Ashenzari.
    27 | D        | Became a worshipper of Sif Muna the Loreminder
   106 | D        | Reached * piety under Sif Muna
   107 | D        | Reached skill level 5 in Fire Magic
   109 | D        | Noticed Pargi
   250 | D        | Reached skill level 6 in Fire Magic
   250 | D        | Reached XP level 2. HP: 15/15 MP: 5/8
   250 | D        | Reached ** piety under Sif Muna
   282 | D        | Learned a level 2 spell: Scorch
   303 | D        | Noticed a black mamba
   303 | D        | Noticed a spriggan
   311 | D        | Succumbed to a black mamba's poison

Illustrated notes

Levels and vault maps discovered:
D:        pitsprint [storerooms_1, entrance_room_1, metal_vault_8, armoury_1,
          mini_pit_1, grid_room_1, main_hall_1, silver_pit, the_coven_2,
          the_vestibule_1, steel_vault_1, golden_pit, hallway_of_sentries,
          crystal_vault_5, iron_vault_2, final_vault]

Skill      XL: |  1 |
---------------+----+-----
Fire Magic     | 6 |  6.5
Dodging        | |  2.4
Stealth        | |  2.4
Spellcasting   | |  3.0
Conjurations   | |  1.1

Action                   || total
-------------------------++-------
Melee: Quarterstaff      ||     8
 Cast: Foxfire           ||     9
       Scorch            ||     3
  Use: Scroll            ||     2
       Potion            ||     1
 Stab: Sleeping          ||     1
Armor: Robe              ||     3
Dodge: Dodged            ||    25

Table legend: (Time is in decaauts)
 A = Elapsed time spent in this place.
 B = Non-inter-level travel time spent in this place.
 C = Inter-level travel time spent in this place.
 D = Time resting spent in this place.
 E = Time spent auto-exploring this place.
 F = Levels seen in this place.
 G = Mean time per level.
                   A        B        C        D        E       F      G
               +--------+--------+--------+--------+--------+-----+--------+
         Total |    312 |    312 |      0 |    156 |      0 |   1 |  312.0 |
       Dungeon |    312 |    312 |      0 |    156 |      0 |   1 |  312.0 |
               +--------+--------+--------+--------+--------+-----+--------+

Top non-repeatable levels by time:
       D: 312 daAuts
